 Dungeon Crawl Stone Soup version 0.29-a0-330-g52719c12eb (webtiles) character file.

Game seed: 9123813081059043001

25 Flugslaktarn the Stinger (level 3, -7/24 HPs)
             Began as a Human Venom Mage on Apr 12, 2022.
             Killed from afar by Sigmund (8 damage)
             ... with a puff of flame
             ... on level 3 of the Dungeon.
             The game lasted 00:02:42 (485 turns).

Flugslaktarn the Stinger (Human Venom Mage)          Turns: 485, Time: 00:02:42

Health: -7/24      AC:  2    Str:  8    XL:     3   Next: 17%
Magic:  5/6        EV: 12    Int: 17    God:
Gold:   64         SH:  0    Dex: 13    Spells: 0/6 levels left

rFire   . . .      SeeInvis .   c - +4 dagger
rCold   . . .      Faith    .   (no shield)
rNeg    . . .      Spirit   .   a - +0 robe
rPois   .          Reflect  .   (no helmet)
rElec   .          Harm     .   (no cloak)
rCorr   .          Rampage  .   (no gloves)
Will    .....                   (no boots)
Stlth   ++........              (no amulet)
HPRegen 0.08/turn               (no ring)
MPRegen 0.10/turn               (no ring)

@: no status effects
A: no striking features
a: no special abilities


You were on level 3 of the Dungeon.
You visited 1 branch of the dungeon, and saw 4 of its levels.

You collected 64 gold pieces.

Inventory:

Hand Weapons
 b - a +0 dagger
   (You took it off a goblin on level 4 of the Dungeon)
 c - a +4 dagger (weapon)
   (You took it off a kobold on level 2 of the Dungeon)
Missiles
 d - 5 javelins
 g - 20 stones
Armour
 a - a +0 robe (worn)
Scrolls
 e - a scroll of vulnerability
Potions
 f - 2 potions of curing {unknown}


   Skills:
 - Level 2.0 Dodging
 - Level 2.0 Stealth
 + Level 2.3 Spellcasting
 + Level 0.0 Conjurations
 - Level 2.0 Transmutations
 * Level 0.1 Air Magic
 - Level 3.3 Poison Magic


You couldn't memorise any spells.
You knew the following spells:

 Your Spells              Type           Power      Damage    Failure   Level
a - Sting                 Tmut/Pois      44%        1d5       6%          1
b - Poisonous Vapours     Pois/Air       14%        N/A       14%         2
c - Mephitic Cloud        Conj/Pois/Air  6%         N/A       34%         3

Your spell library contained the following spells:

 Spells                   Type           Power      Damage    Failure   Level
 Olgreb's Toxic Radiance  Pois           13%        N/A       43%         4


Dungeon Overview and Level Annotations

Branches:
Dungeon (4/15)
 Temple: D:4-7

Altars:

Annotations:
D:3 exclusion: ogre, Sigmund


Message History

a +4 dagger; a stone; a kobold corpse
c - a +4 dagger (weapon)
f - 2 fuming grey potions You now have 50 gold pieces (gained 11).
You open the door.
A rat comes into view.
Casting: Sting (safe; 6% risk of failure)
Confirm with . or Enter, or press ? or * to list all spells.
Aiming: Sting (safe; 6% risk of failure)
Press: ? - help, Shift-Dir - straight line, f - rat
Aim: a rat (asleep, 100% to hit)
The sting hits the rat.
The rat is poisoned.
You kill the rat!
You open the door.
There is an open door here.
You see here 20 stones.
g - 20 stones
Found 14 gold pieces.
You now have 64 gold pieces (gained 14).
You open the door.
There is an open door here.
You open the door.
There is an open door here.
Found a stone staircase leading down.
There is a stone staircase leading down here.
You climb downwards.
Level annotation: exclusion: ogre, Sigmund
There is a stone staircase leading up here.
Things that are here:
a +0 dagger; a kobold skeleton
Okay, then.
Memorise Poisonous Vapours, consuming 2 spell levels and leaving 3?
You start memorising the spell.
You continue memorising. x2
You finish memorising.
Spell assigned to 'b'.
Okay, then.
Okay, then.
This spell is extremely dangerous to cast!
Memorise Mephitic Cloud, consuming 3 spell levels and leaving 0?
You start memorising the spell.
You continue memorising. x3
You finish memorising.
Spell assigned to 'c'.
Found a leather armour.
Okay, then.
Things that are here:
a +0 leather armour; a +0 dagger A goblin comes into view.
It is wielding a +0 short sword.
Sigmund shouts!
The goblin shouts!
Sigmund screams, "Don't try to resist!"
You aren't carrying any items that you can evoke.
Unknown command.
Sigmund mumbles some strange words.
Sigmund flickers and vanishes!
Deactivating autopickup; reactivate with Ctrl-A.
You aren't carrying any items that you can evoke.
Unknown command.
Okay, then.
There is a stone staircase leading down here.
You climb downwards.
Reactivating autopickup.
An adder comes into view.
The orc hits you with a +0 hand axe.
The adder moves out of view.
There is a stone staircase leading up, spattered with blood here.
Casting: Sting (safe; 6% risk of failure)
Confirm with . or Enter, or press ? or * to list all spells.
Aiming: Sting (safe; 6% risk of failure)
Press: ? - help, Shift-Dir - straight line, f - orc
Aim: an orc, wielding a +0 hand axe (71% to hit)
The sting hits the orc.
The orc is poisoned.
The orc is heavily wounded.
The kobold shouts!
The orc hits you with a +0 hand axe.
You climb upwards.
Level annotation: exclusion: ogre, Sigmund Something hits you.
Deactivating autopickup; reactivate with Ctrl-A.
There is a stone staircase leading down here.
The orc hits you with a +0 hand axe. Something barely misses you.
The orc closely misses you. The orc attacks as you move away!
The orc closely misses you.
The orc looks more healthy.
The orc attacks as you move away! The orc hits you with a +0 hand axe.
* * * LOW HITPOINT WARNING * * *
The orc attacks as you move away! The orc closely misses you.
Casting: Sting (safe; 6% risk of failure)
Confirm with . or Enter, or press ? or * to list all spells.
Aiming: Sting (safe; 6% risk of failure)
Press: ? - help, Shift-Dir - straight line, f - orc
Aim: an orc, wielding a +0 hand axe (severely wounded, 71% to hit)
The sting hits the orc.
The orc is poisoned.
You kill the orc!
A puff of flame appears from out of thin air!
The puff of flame misses you.
A puff of flame appears from out of thin air!
The puff of flame hits you!
* * * LOW HITPOINT WARNING * * *
Sigmund appears from thin air!
Reactivating autopickup.
Sigmund laughs darkly.
Sigmund points at you and mumbles some strange words.
The puff of flame hits you!
You die...

############
#........@.#
######.##...###.#
............###.#####
............#.......#
............#.......#
............#....@..#
........[...#...)...#
O........#.####.#..##
.........#.# #.#..#


You could see Sigmund.

Vanquished Creatures
  An adder (D:3)
  3 orcs (D:3)
  A bat (D:2)
  A giant cockroach (D:2)
  2 goblins
  2 kobolds
  3 rats
13 creatures vanquished.

Notes
Turn   | Place    | Note
-------+----------+-------------------------------------------
     0 | D:1      | Flugslaktarn the Human Venom Mage began the quest for the
                  | Orb.
     0 | D:1      | Reached XP level 1. HP: 13/13 MP: 3/3
    29 | D:1      | You fall into a shaft and drop 1 floor!
    80 | D:3      | Reached XP level 2. HP: 11/19 MP: 1/5
   209 | D:3      | Noticed an ogre
   229 | D:3      | Noticed Sigmund
   230 | D:3      | Noticed a scorpion
   243 | D:2      | Reached XP level 3. HP: 4/24 MP: 4/6
   377 | D:3      | Learned a level 2 spell: Poisonous Vapours
   381 | D:3      | Learned a level 3 spell: Mephitic Cloud
   483 | D:3      | HP: 1/24 [something/puff of flame (7)]
   485 | D:3      | Killed from afar by Sigmund

Illustrated notes

Levels and vault maps discovered:
D:1:      minmay_arrival_pointy, layout_basic, chequers_ecumenical_altar_island,
          serial_forest, infiniplex_forest_diagonal,
          infiniplex_forest_clump_cross, infiniplex_forest_straight_1,
          infiniplex_forest_clump_medium, infiniplex_forest_straight_1,
          infiniplex_forest_lined_room_2
D:2:      layout_basic, uniq_natasha
D:3:      layout_basic, nicolae_sif_muna_condensation, serial_shops, shop,
          uniq_grinder, uniq_sigmund
D:4:      layout_cave_pools, kennysheep_generic_room_10

Skill      XL: |  1 |
---------------+----+-----
Transmutations | 2 |  2.0
Dodging        | |  2.0
Stealth        | |  2.0
Spellcasting   | |  2.3
Air Magic      | |  0.1
Poison Magic   | |  3.3

Action                   || total
-------------------------++-------
Melee: Unarmed           ||     4
       Dagger            ||     1
 Cast: Sting             ||    23
  Use: Potion            ||     1
       Scroll            ||     2
Armor: Robe              ||     2
Dodge: Dodged            ||    18

Table legend: (Time is in decaauts)
 A = Elapsed time spent in this place.
 B = Non-inter-level travel time spent in this place.
 C = Inter-level travel time spent in this place.
 D = Time resting spent in this place.
 E = Time spent auto-exploring this place.
 F = Levels seen in this place.
 G = Mean time per level.
                   A        B        C        D        E       F      G
               +--------+--------+--------+--------+--------+-----+--------+
         Total |    487 |    461 |     26 |      0 |      0 |   4 |  121.8 |
       Dungeon |    487 |    461 |     26 |      0 |      0 |   4 |  121.8 |
               +--------+--------+--------+--------+--------+-----+--------+

Top non-repeatable levels by time:
     D:3: 304 daAuts
     D:2: 117 daAuts
     D:4: 36 daAuts
     D:1: 29 daAuts
